 Dungeon Sprint DCSS version 0.26-a0-778-g3fe0686644 (webtiles) character file.

Game seed: 14088963125051113981

9769 olmar the Brawler (level 11, 0/120 (123) HPs)
             Began as a Troll Monk on Nov 9, 2020.
             Was an Initiate of Gozag.
             Slain by a 13-headed hydra (15 damage)
             ... in the Dungeon (Sprint I: "Red Sonja").
             The game lasted 00:05:01 (1072 turns).

olmar the Brawler (Troll Monk)                      Turns: 1072, Time: 00:05:02

HP:   0/120 (123)   AC:  8    Str: 29    XL:     11   Next: 27%
MP:   0/10          EV: 18    Int: 10    God:    Gozag
Gold: 2543          SH:  0    Dex: 15    Spells: 10/10 levels left

rFire    . . .     SeeInvis .     - Unarmed
rCold    . . .     Faith    .   (no shield)
rNeg     . . .     Spirit   +   l - +2 robe of Biom {rCorr Str+5}
rPois    .         Reflect  .   (helmet restricted)
rElec    .         Harm     .   (no cloak)
rCorr    +         Rampage  .   (gloves unavailable)
MR       .....     NoTele   +   (boots unavailable)
Stlth    +++.......             s - amulet of Xuch {Spirit Int+4 Dex+3}
HPRegen  0.70/turn              t - ring of stealth
MPRegen  0.12/turn              (no ring)

@: gold aura
A: large, unfitting armour, claws 3, regeneration 1, shaggy fur 1, tough skin 3
a: Potion Petition, Call Merchant, Bribe Branch, Renounce Religion


You were in the Dungeon.
You worshipped Gozag.
Gozag was most pleased with you.
You visited 1 branch You collected 5162 gold pieces.
You spent 2325 gold pieces at shops.
You paid 294 gold pieces to Gozag.

Inventory:

Missiles
 u - 3 curare-tipped darts (quivered)
Armour
 a - a +0 robe
 h - a +2 robe of the Archmagi
 l - the +2 robe of Biom (worn) {rCorr Str+5}
   (You bought it in a shop in the Dungeon)

   It affects your strength (+5).
   It provides partial protection from all sources of acid and corrosion.
Jewellery
 s - the amulet of Xuch (around neck) {Spirit Int+4 Dex+3}
   (You bought it in a shop in the Dungeon)

   [amulet of guardian spirit]

   It causes incoming damage to be split between your health and magic.
   It affects your intelligence (+4).
   It affects your dexterity (+3).
 t - a ring of stealth (left claw)
Wands
 f - a wand of polymorph (7)
Scrolls
 g - a scroll of blinking
 i - 4 scrolls of identify
 j - 3 scrolls of remove curse
 n - 2 scrolls of magic mapping
 o - a scroll of random uselessness
 p - a scroll of immolation
Potions
 b - 2 potions of might {unknown}
 c - a potion of heal wounds
 d - a potion of haste
 e - 2 potions of magic
 k - a potion of brilliance {unknown}
 m - a potion of lignification {unknown}
 v - 2 potions of curing
 w - a potion of cancellation {unknown}
Miscellaneous
 q - a tin of tremorstones (inert)
 r - a box of beasts (inert)


   Skills:
 + Level 11.7 Fighting
 + Level 12.0 Dodging
 - Level 1.0 Stealth
 + Level 18.9 Unarmed Combat
 + Level 1.3 Evocations


You had 10 spell levels left.
You didn't know any spells.
Your spell library was empty.

Dungeon Overview and Level Annotations

Branches:
Dungeon (1/1)

Altars:
Cheibriados
Dithmenos
Elyvilon
Fedhas
Gozag
Hepliaklqana
Kikubaaqudgha
Makhleb
Nemelex Xobeh
Okawaru
Qazlal
Ru
Sif Muna
Trog
Uskayaw
Vehumet
Wu Jian
Xom
Yredelemnul
Zin
The Shining One
Jiyva
Lugonu

Shops:
D (=:[(}:::[?:(([[


Innate Abilities, Weirdness & Mutations

You are too large for most types of armour.
You have claws for hands.
Your natural rate of healing is unusually fast.
You are covered in fur. (AC +1)
You have extremely tough skin. (AC +3)


Message History

Unknown command.
Evoke which item? (* to show all) (? for menu, Esc to quit)
Okay, then.
Evoke which item? (* to show all) (? for menu, Esc to quit)
The tremorstone explodes into fragments!
The burst of rock shards engulfs the 13-headed hydra!
The burst of rock shards engulfs the floating eye!
You kill the floating eye!
The burst of rock shards engulfs you!
* * * LOW HITPOINT WARNING * * *
The tin is emptied!
You hear a shout!
The 13-headed hydra misses you.
The 13-headed hydra bites you but does no damage.
The 13-headed hydra completely misses you.
The 13-headed hydra misses you. The 13-headed hydra closely misses you.
The 13-headed hydra bites you but does no damage.
The 13-headed hydra bites you!
You die...
Your body crumbles into a pile of gold. ###################### )..#()#§§§§§§§§.§D§$$# $$$$ )..##'#.####§.§§@##$.+ $$$$ ...'..#.# ##§§§## ## $$$$$ ####.§'.# $###'# $$$$$ $$ §.##+#### $ #.# $$$ $$$$

§.# $
#.. $
$$ §.#
$$$##.#
$ #'###
.## $
#.'.#
##..$
###.#
+##


You could see a 13-headed hydra.

Vanquished Creatures
  2 centaur warriors (D)
  Sonja (D)
  2 unseen horrors (D)
  A deep troll (D)
  A lindwurm (D)
  An oklob plant (D)
  2 kobold demonologists (D)
  4 demonic crawlers (D)
  A hornet (D)
  A slime creature (D)
  Sigmund (D)
  2 redbacks (D)
  A yak (D)
  13 hogs (D)
  3 floating eyes (D)
  7 necrophages (D)
  An ogre (D)
  8 jellies (D)
  Ijyb (D)
53 creatures vanquished.

Vanquished Creatures (others)
  2 ballistomycete spores (D)
2 creatures vanquished.

Grand Total: 55 creatures vanquished

Notes
Turn   | Place    | Note
-------+----------+-------------------------------------------
     0 | D        | olmar the Troll Monk began the quest for the Orb.
     0 | D        | Reached XP level 1. HP: 22/22 MP: 0/0
     1 | D        | Noticed Ijyb
    10 | D        | Killed Ijyb
    10 | D        | Reached skill level 4 in Unarmed Combat
    10 | D        | Reached XP level 2. HP: 31/31 MP: 1/1
    12 | D        | Noticed an ogre
    17 | D        | Killed an ogre
    17 | D        | Reached skill level 5 in Dodging
    17 | D        | Reached skill level 6 in Unarmed Combat
    17 | D        | Reached XP level 3. HP: 41/41 MP: 2/2
    17 | D        | Reached XP level 4. HP: 49/49 MP: 3/3
    46 | D        | Noticed Sigmund
    52 | D        | Killed Sigmund
    52 | D        | Reached skill level 8 in Unarmed Combat
    52 | D        | Reached XP level 5. HP: 61/61 MP: 4/4
    76 | D        | Found an ornate altar of the Wu Jian Council.
    76 | D        | Found a shimmering blue altar of Sif Muna.
    78 | D        | Found a radiant altar of Vehumet.
    84 | D        | Reached XP level 6. HP: 64/68 MP: 5/5
   107 | D        | Found Saawkos's Antique Weapon Emporium.
   107 | D        | Found an ancient bone altar of Kikubaaqudgha.
   107 | D        | Found a hazy altar of Hepliaklqana.
   107 | D        | Found a hide-covered altar of Uskayaw.
   107 | D        | Found a basalt altar of Yredelemnul.
   107 | D        | Found an opulent altar of Gozag.
   107 | D        | Found a snail-covered altar of Cheibriados.
   107 | D        | Found a sacrificial altar of Ru.
   107 | D        | Found a shadowy altar of Dithmenos.
   107 | D        | Noticed a yak
   108 | D        | Found a stormy altar of Qazlal.
   108 | D        | Found a blossoming altar of Fedhas.
   108 | D        | Found a bloodstained altar of Trog.
   108 | D        | Found an iron altar of Okawaru.
   108 | D        | Found a glowing golden altar of the Shining One.
   108 | D        | Found a glowing silver altar of Zin.
   108 | D        | Found a white marble altar of Elyvilon.
   115 | D        | Killed a yak
   115 | D        | Reached skill level 9 in Unarmed Combat
   116 | D        | Found a sparkling altar of Nemelex Xobeh.
   119 | D        | Became a worshipper of Gozag Ym Sagoz the Greedy
   135 | D        | Found a burning altar of Makhleb.
   135 | D        | Found a viscous altar of Jiyva.
   135 | D        | Found a shimmering altar of Xom.
   135 | D        | Found a corrupted altar of Lugonu.
   135 | D        | Noticed a slime creature
   142 | D        | Killed a slime creature
   142 | D        | Reached skill level 10 in Unarmed Combat
   142 | D        | Reached XP level 7. HP: 54/79 MP: 6/6
   167 | D        | Noticed a centaur warrior
   181 | D        | Killed a centaur warrior
   181 | D        | Reached skill level 11 in Unarmed Combat
   181 | D        | Reached XP level 8. HP: 54/91 MP: 7/7
   232 | D        | Noticed a centaur warrior
   232 | D        | Noticed a deep troll
   252 | D        | Killed a deep troll
   252 | D        | Reached skill level 12 in Unarmed Combat
   258 | D        | Killed a centaur warrior
   258 | D        | Reached skill level 10 in Fighting
   258 | D        | Reached skill level 13 in Unarmed Combat
   258 | D        | Reached XP level 9. HP: 46/101 MP: 8/8
   279 | D        | Found Lejyfeon's Armour Emporium.
   294 | D        | Bought the +2 robe of Biom {rCorr Str+5} for 473 gold
                  | pieces
   358 | D        | Paralysed by a hornet for 3 turns
   364 | D        | Reached skill level 10 in Dodging
   364 | D        | Reached skill level 14 in Unarmed Combat
   405 | D        | Noticed an oklob plant
   409 | D        | Killed an oklob plant
   530 | D        | Reached skill level 15 in Unarmed Combat
   629 | D        | Killed an unseen horror
   629 | D        | Reached XP level 10. HP: 51/110 MP: 9/9
   638 | D        | Killed an unseen horror
   638 | D        | Reached skill level 16 in Unarmed Combat
   776 | D        | Found Xaulirobys's Book Shoppe.
   776 | D        | Found Exes's Jewellery Shop.
   776 | D        | Found Ilono's Antique Armour Boutique.
   778 | D        | Found Mur Jei's Weapon Emporium.
   778 | D        | Found Oscheon Wett's Gadget Shop.
   778 | D        | Found Uboawui's Book Shoppe.
   778 | D        | Found Iziotur's Book Boutique.
   778 | D        | Found Xywnytog's Book Emporium.
   778 | D        | Found Eneraore's Antique Armour Shop.
   778 | D        | Found Jitoytif's Magic Scroll Shoppe.
   781 | D        | Found Washiuw's Book Boutique.
   782 | D        | Found Xiliak's Weapon Emporium.
   782 | D        | Found Atonouduf's Weapon Boutique.
   783 | D        | Found Lidghay's Armour Emporium.
   797 | D        | Bought a scroll of identify for 22 gold pieces
   797 | D        | Bought a scroll of remove curse for 33 gold pieces
   797 | D        | Bought a scroll of magic mapping for 38 gold pieces
   797 | D        | Bought a scroll of random uselessness for 11 gold pieces
   797 | D        | Bought a scroll of immolation for 38 gold pieces
   802 | D        | Bought a tin of tremorstones (2/2) for 440 gold pieces
   802 | D        | Bought a box of beasts for 440 gold pieces
   805 | D        | Bought the amulet of Xuch {Spirit Int+4 Dex+3} for 620 gold
                  | pieces
   810 | D        | Bought an uncursed ring of stealth for 210 gold pieces
   843 | D        | Noticed Sonja
   847 | D        | Killed Sonja
   914 | D        | Reached skill level 17 in Unarmed Combat
   979 | D        | Noticed a lindwurm
   985 | D        | Killed a lindwurm
   985 | D        | Reached skill level 18 in Unarmed Combat
   985 | D        | Reached XP level 11. HP: 100/117 MP: 7/10
  1001 | D        | Reached skill level 1 in Evocations
  1066 | D        | Noticed a 12-headed hydra
  1072 | D        | Slain by a 13-headed hydra

Illustrated notes

Levels and vault maps discovered:
D:        dungeon_sprint_1 [red_sonja_temple_1, red_sonja_temple_small_1]

Skill      XL: |  1  2  3  4  5  6  7  8  9 10 11 |
---------------+----------------------------------+-----
Fighting       | 3 4 6 7 8 10 11 | 11.7
Dodging        | 3 5 6 7 8 9 10 11 12 | 12.0
Unarmed Combat | 4 6 8 10 11 13 15 18 | 18.9
Evocations     | 1 |  1.3
Stealth        | |  1.0

Action                   |  1- 3 |  4- 6 |  7- 9 | 10-12 || total
-------------------------+-------+-------+-------+-------++-------
Melee: Unarmed           |    10 |    20 |    54 |    75 ||   159
       Punch             |       |     1 |     5 |    11 ||    17
Invok: Potion Petition   |       |       |     1 |       ||     1
Evoke: Tin of tremorston |       |       |       |     4 ||     4
       Box of beasts     |       |       |       |     3 ||     3
       Wand              |       |       |       |     1 ||     1
  Use: Potion            |     1 |       |     1 |       ||     2
 Stab: Sleeping          |     1 |     1 |       |     1 ||     3
       Distracted        |       |       |       |     1 ||     1
Armor: Robe              |     3 |     3 |    11 |    22 ||    39
Dodge: Dodged            |     1 |     7 |    21 |    59 ||    88

Table legend: (Time is in decaauts)
 A = Elapsed time spent in this place.
 B = Non-inter-level travel time spent in this place.
 C = Inter-level travel time spent in this place.
 D = Time resting spent in this place.
 E = Time spent auto-exploring this place.
 F = Levels seen in this place.
 G = Mean time per level.
                   A        B        C        D        E       F      G
               +--------+--------+--------+--------+--------+-----+--------+
         Total |   1023 |    985 |     38 |    403 |      0 |   1 | 1023.0 |
       Dungeon |   1023 |    985 |     38 |    403 |      0 |   1 | 1023.0 |
               +--------+--------+--------+--------+--------+-----+--------+

Top non-repeatable levels by time:
       D: 1023 daAuts
